cohdb
Replays
Latest Replays
All Replays
Popular Replays
Top Player Replays
Match Explorer
How It Works
Community
CoH3 Stats
Reddit
Sign in to upload your games and track your stats! →
Sign in with Steam
Match 45443898
Unlisted
Match 45443898
Overview
Messages
Build Orders
End
Kradschützen Motorcycle Team
Panzerpioneer Squad
Selects Italian Infantry
250 Light Carrier
Panzerpioneer Squad
Construct Light Support Kompanie
MG34 Team
Combat Half-tracks
Panzerpioneer Squad
Construct Mechanized Kompanie
8 Rad Armored Car
Vehicle Survival Package
Selects Guastatori Squad
Guastatori Squad
Panzerjäger Mechanized Group
Selects L6/40 Light Tank Combat Group
Construct Panzerarmee Kommand
(502) Bad Gateway
Skibson
0
0
Comments
sign in to comment!
No comments posted yet!